 Dungeon Crawl Stone Soup version 0.28.0 (webtiles) character file.

Game seed: 15804737455869534437

36 oldriver the Vexing (level 3, 0/28 HPs)
             Began as a Formicid Arcane Marksman on Feb 14, 2022.
             Slain by an adder (2 damage)
             ... on level 2 of the Dungeon.
             The game lasted 00:03:26 (2498 turns).

oldriver the Vexing (Formicid Arcane Marksman)      Turns: 2498, Time: 00:03:27

Health: 0/28       AC:  2    Str: 16    XL:     3   Next: 57%
Magic:  4/4        EV: 12    Int: 12    God:
Gold:   55         SH:  0    Dex: 11    Spells: 3/4 levels left

rFire   . . .      SeeInvis +   a - +0 hunting sling
rCold   . . .      Faith    .   (no shield)
rNeg    . . .      Spirit   .   d - +0 robe
rPois   .          Reflect  .   (helmet unavailable)
rElec   .          Harm     .   (no cloak)
rCorr   .          Rampage  .   (no gloves)
Will    .....                   (no boots)
Stlth   +.........              (no amulet)
HPRegen 0.09/turn               (no ring)
MPRegen 0.09/turn               (no ring)

@: lethally poisoned (0 -> -1)
A: permanent stasis, dig shafts and tunnels, antennae 3, four strong arms
a: Dig, Shaft Self


You were on level 2 of the Dungeon.
You visited 1 branch of the dungeon, and saw 2 of its levels.

You collected 55 gold pieces.

Inventory:

Hand Weapons
 a - a +0 hunting sling (weapon)
 b - a +0 rapier
Missiles
 c - 15 sling bullets
 f - 26 stones (quivered ammo)
Armour
 d - a +0 robe (worn)
Jewellery
 k - a ring of fire
Scrolls
 g - a scroll of summoning {unknown}
 h - a scroll of teleportation {unknown}
 i - a scroll of enchant armour {unknown}
 j - a scroll of noise {unknown}
 l - a scroll of vulnerability {unknown}
 m - a scroll of identify {unknown}
Potions
 e - a potion of cancellation {unknown}


   Skills:
 * Level 2.8 Fighting
 + Level 2.8 Slings
 - Level 2.0 Dodging
 - Level 1.1 Spellcasting
 - Level 3.6 Hexes


You had 3 spell levels left.
You knew the following spells:

 Your Spells              Type           Power      Damage    Failure   Level
a - Slow                  Hex            36%        N/A       7%          1

Your spell library contained the following spells:

 Spells                   Type           Power      Damage    Failure   Level
 Inner Flame              Hex/Fire       5%         N/A       38%         3
 Portal Projectile        Hex/Tloc       10%        N/A       38%         3
 Cause Fear               Hex            4%         N/A       56%         4
 Blade Hands              Tmut           0%         N/A       100%        5
 Excruciating Wounds      Necr           0%         N/A       100%        5


Dungeon Overview and Level Annotations

Branches:
Dungeon (2/15)

Altars:


Innate Abilities, Weirdness & Mutations

You cannot be hasted, slowed, berserked, paralysed or teleported.
You can dig through walls and to a lower floor.
You have a pair of large antennae on your head. (SInv)
Your four strong arms can wield two-handed weapons with a shield.


Message History

You are more poisoned.
The adder poisons you!
You feel sick. The adder barely misses you.
You feel sick. The adder barely misses you.
You feel sick.
You are too injured to fight recklessly!
You are too injured to fight recklessly!
You are too injured to fight recklessly!
Fire: 18 sling bullets
Press: ? - help, Shift-Dir - straight line, f - adder
Aim: an adder (38% to hit)
You shoot a sling bullet.
The sling bullet closely misses the adder.
The sling bullet hits the adder.
The adder is moderately wounded.
You feel sick. The adder bites you.
* * * LOW HITPOINT WARNING * * *
Fire: 17 sling bullets
Press: ? - help, Shift-Dir - straight line, f/p - adder
Aim: an adder (38% to hit)
You shoot a sling bullet.
The sling bullet barely misses the adder.
The sling bullet misses the adder.
You feel sick. The adder completely misses you.
Fire: 16 sling bullets
Press: ? - help, Shift-Dir - straight line, f/p - adder
Aim: an adder (38% to hit)
You shoot a sling bullet.
The sling bullet barely misses the adder.
You feel sick.
You are no longer poisoned.
The adder misses you. The adder closely misses you. The adder bites you.
* * * LOW HITPOINT WARNING * * *
You are poisoned.
The adder poisons you!
* * * LOW HITPOINT WARNING * * *
You feel sick. The adder barely misses you.
* * * LOW HITPOINT WARNING * * *
You feel sick. The adder bites you.
You die...

.. . .#...
#######.....#
##########.......#
#.......##.###.#.#
#.#####.##.# #...#
#.# #..S.((# ##..r. #
#.# #.#S#### #..#.. #
#.# #.#@# ..... #
#.###.#.# .##.# #
#.......# # ..
####### #####.###
......# #...# #.###.#
#.#.##
...##.#######....####
.......†....†.......+
...##.####.##.....###


You could see 2 adders.

Vanquished Creatures
  A dart slug (D:1)
  A bat (D:1)
  A giant cockroach (D:1)
  4 goblins (D:1)
  3 hobgoblins
  4 jackals (D:1)
  2 quokkas
  6 ball pythons
  2 frilled lizards (D:1)
  4 kobolds
  A rat (D:1)
29 creatures vanquished.

Notes
Turn   | Place    | Note
-------+----------+-------------------------------------------
     0 | D:1      | oldriver the Formicid Arcane Marksman began the quest for
                  | the Orb.
     0 | D:1      | Reached XP level 1. HP: 15/15 MP: 2/2
   615 | D:1      | Reached XP level 2. HP: 14/22 MP: 3/3
  1631 | D:1      | Reached XP level 3. HP: 16/28 MP: 4/4
  2498 | D:2      | Slain by an adder

Illustrated notes

Levels and vault maps discovered:
D:1:      nagdon_arrival_double_spiral, layout_loops_ring,
          minmay_misc_feat_tower
D:2:      layout_loops_corners, minmay_fractal_squares_5

Skill      XL: |  1  2 |
---------------+-------+-----
Dodging        | 2 |  2.0
Fighting       | 2 |  2.8
Slings         | |  2.8
Spellcasting   | |  1.1
Hexes          | |  3.6

Action                   || total
-------------------------++-------
Melee: Unarmed           ||    44
       Rapier            ||    14
 Fire: Hunting sling     ||    94
Armor: Robe              ||    32
Dodge: Dodged            ||    99
